 Dungeon Crawl Stone Soup version 0.20-a0-923-g548304e (webtiles) character file.

163596 w00t the Warrior (level 17, -1/171 HPs)
             Began as a Naga Fighter on Mar 26, 2017.
             Was the Champion of Cheibriados.
             Slain by a redback (2 damage)
             ... on level 3 of the Spider Nest.
             The game lasted 01:23:21 (44140 turns).

w00t the Warrior (Naga Fighter)                    Turns: 44140, Time: 01:23:21

Health: -1/171     AC: 31    Str: 36      XL:     17   Next: 83%
Magic:  0/23       EV: 16    Int: 26      God:    Cheibriados [******]
Gold:   1866       SH:  0    Dex: 26 (27) Spells: 16/16 levels left

rFire    + + .     SeeInvis +   a - +0 demon trident
rCold    + + +     Gourm    .   G - +1 buckler {reflect}
rNeg     + + +     Faith    .   q - +2 plate armour {rC+}
rPois    +         Spirit   +   n - +2 hat {MR+}
rElec    +         Reflect  +   K - scarf {rC+ rF+}
rCorr    .         Harm     .   x - +0 pair of gloves
MR       +++..                  o - +2 naga barding {rF+}
Stlth    ..........             i - amulet "Tehyllur" {Spirit rElec rPois MR- Stlth+}
Regen    0.4/turn               e - ring of protection from magic {MR+, !d}
MPRegen  0.2/turn               k - ring "Orir" {rN+++ EV+3 Str-4 Dex-4}

@: confused, mighty, lethally poisoned (-1 -> -5), very slow
A: fangs 1, stinger 2, yellow scales 1, see invisible, clever 1, cold resistance
1, deformed body, deterioration 1, poison resistance, screaming 1, slowness 2,
slow metabolism 1, spit poison 1, subdued magic 1, constrict 1, AC +5
a: Spit Poison, Bend Time, Temporal Distortion, Slouch, Step From Time, Renounce
Religion


You were on level 3 of the Spider Nest.
You worshipped Cheibriados.
Cheibriados was exalted by your worship.
You were not hungry.

You visited 5 branches of the dungeon, and saw 27 of its levels.
You also visited: Trove.

You collected 2349 gold pieces.
You spent 483 gold pieces at shops.

Inventory:

Hand Weapons
 a - a +0 demon trident (weapon)
 b - a +1 trident of piercing
Missiles
 g - 20 curare-tipped needles
 j - 551 stones
 p - a steel tomahawk
 D - 10 tomahawks (quivered)
 R - 2 throwing nets {=f, !d}
Armour
 n - a +2 hat of magic resistance (worn)
 o - a +2 naga barding of fire resistance (worn)
 q - a +2 plate armour of cold resistance (worn)
 x - a +0 pair of gloves (worn)
 G - a +1 buckler of reflection (worn)
 K - a scarf of resistance (worn)
Jewellery
 c - an uncursed ring of stealth {Stlth+}
 e - a ring of protection from magic (left hand) {MR+, !d}
 i - the amulet "Tehyllur" (around neck) {Spirit rElec rPois MR- Stlth+}
   (You found it on level 15 of the Dungeon)

   [amulet of guardian spirit]

   It causes incoming damage to be split between your health and magic.
   It insulates you from electricity.
   It protects you from poison.
   It affects your resistance to hostile enchantments.
   It makes you more stealthy.
 k - the ring "Orir" (right hand) {rN+++ EV+3 Str-4 Dex-4}
   (You bought it in a shop on level 2 of the Orcish Mines)

   [ring of evasion]

   It affects your evasion (+3).
   It affects your strength (-4).
   It affects your dexterity (-4).
   It renders you almost immune to negative energy.
 s - a +6 ring of dexterity {unknown}
Wands
 v - a wand of lightning (9/15)
 y - a wand of clouds (4/9)
 E - a wand of digging (5/24)
 U - a wand of digging (5/24)
Scrolls
 d - a scroll of blinking {!r}
 f - 14 scrolls of identify {@r1}
 h - 7 scrolls of teleportation
 m - a scroll of silence {unknown}
 t - a scroll of fog
 u - 3 scrolls of vulnerability {unknown}
 w - a scroll of amnesia {unknown}
 z - 13 scrolls of remove curse {@r2}
 F - 2 scrolls of magic mapping {!r}
Potions
 M - a potion of flight
 O - 2 potions of brilliance
 P - a potion of mutation {!q}
Miscellaneous
 I - a lightning rod (4/4)
Comestibles
 r - 31 fruits
 A - 2 royal jellies


   Skills:
 * Level 15.7 Fighting
 - Level 14.0 Polearms
 - Level 11.3 Armour
 - Level 10.8 Dodging
 - Level 4.0 Stealth
 - Level 10.3 Shields
 - Level 8.0 Invocations
 + Level 7.1 Evocations


You had 16 spell levels left.
You didn't know any spells.

Dungeon Overview and Level Annotations

Branches:
Dungeon (15/15)            Temple (1/1) D:4            Lair (6/6) D:11
  Swamp (0/4) Lair:4       Spider (3/4) Lair:3        Slime (0/5) Lair:6
    Orc (2/2) D:11            Elf (0/3) Orc:2        Vaults (0/5) D:14
 Depths (0/5) D:15

Altars:
Ashenzari
Cheibriados
Dithmenos
Elyvilon
Fedhas
Gozag
Hepliaklqana
Kikubaaqudgha
Makhleb
Nemelex Xobeh
Okawaru
Qazlal
Ru
Sif Muna
Trog
Uskayaw
Vehumet
Wu Jian
Xom
Yredelemnul
Zin
The Shining One
Beogh

Shops:
Orc:2 *=:

Annotations:
D:13 exclusion: 2 downstairs
Lair:4 4 exclusions
Spider:1 exclusion: 2 downstairs


Innate Abilities, Weirdness & Mutations

You cannot wear boots.
Your serpentine skin is tough. (AC +5)
You have supernaturally acute eyesight. (SInv)
Armour fits poorly on your strangely shaped body.
Your system is resistant to poisons. (rPois)
You cover ground very slowly.
You have a slow metabolism.
You can spit poison.
You can use your snake-like lower body to constrict enemies.
You have very sharp teeth.
Your tail ends in a sharp poisonous barb.
You are partially covered in yellow scales. (AC +2)
Your mind is acute. (Int +2)
Your flesh is cold resistant. (rC+)
Your body sometimes deteriorates upon taking damage.
You occasionally shout uncontrollably at your foes.
Your spells are a little easier to cast, but a little less powerful.


Message History

The tarantella closely misses you. The wolf spider hits you!
* * * LOW HITPOINT WARNING * * *
The wolf spider bites you but does no damage.
Okay, then.
You barely miss the wolf spider. You tail-slap the wolf spider.
You bite the wolf spider.
The wolf spider is heavily wounded.
You feel sick. The tarantella bites you.
* * * LOW HITPOINT WARNING * * *
The redback misses you. The wolf spider hits you.
* * * LOW HITPOINT WARNING * * *
The wolf spider misses you.
The tarantella rages.
The tarantella bites you but does no damage.
You're too confused!
* * * LOW HITPOINT WARNING * * *
You feel sick. The redback closely misses you. The tarantella bites you.
* * * LOW HITPOINT WARNING * * *
The redback bites you.
You die...

≈ ### ≈#≈
###≈####≈..
#.#.≈≈#....
....≈≈....
....#....
##....##.#
#†@....≈.. ...^
#... #sss...#..
...##..##sss....#
. ......y.ss...$.#
.#.
..[...≈≈..s##.#
#≈. ......##≈## .#
..§#####...#.. ^≈#
.
......s###†##...##
#
?.....s†^.§.....#


You could see a wolf spider (berserk), a moth of wrath, an orb spider, 5
tarantellas and 2 redbacks.

Vanquished Creatures
  Rupert (D:12)
  Kirke (D:14)
  A ghost moth (Spider:2)
  3 emperor scorpions
  An entropy weaver (Spider:2)
  Azrael (D:15)
  The ghost of loser178 the Martial Artist, a journeyman OpTm of Hepliaklqana (Lair:6)
  Snorg (D:10)
  A fire dragon (Lair:6)
  Josephine (D:10)
  Erolcha (D:11)
  The ghost of Akrius the Arsonist, a journeyman DsFE of Hepliaklqana (Lair:2)
  4 vault guards
  A catoblepas (D:13)
  A death knight (D:8)
  7 hydras
  A centaur warrior (D:13)
  10 two-headed ogres
  A dancing weapon (Orc:2)
  3 tengu warriors (D:15)
  8 orc high priests (Orc:2)
  Nergalle (D:12)
  Sonja (Orc:2)
  4 unseen horrors
  A lindwurm (Lair:6)
  31 wolf spiders
  17 ugly things
  A necromancer (D:15)
  17 orb spiders
  An orc sorcerer (D:15)
  2 moths of wrath
  4 deep elf magi
  8 cyclopes
  A wolf spider zombie (D:13)
  2 manticores
  10 elephants
  Maurice (D:13)
  7 centaur zombies
  A torpor snail (Lair:5)
  A naga mage (D:15)
  3 molten gargoyles (Lair:6)
  6 black mambas
  A gargoyle (D:11)
  2 rime drakes
  10 spiny frogs
  7 komodo dragons
  4 kobold demonologists (D:14)
  15 demonic crawlers
  30 jumping spiders
  10 trolls
  3 hornets
  2 polar bears (Lair:1)
  10 slime creatures
  10 hippogriffs
  8 blink frogs
  2 meliai zombies
  14 wraiths
  25 tarantellas
  3 vampires
  A shadow (D:15)
  6 wyverns
  69 redbacks
  66 yaks
  2 fire elementals (D:15)
  6 hungry ghosts
  6 basilisks
  6 hogs (D:14)
  A steam dragon (Lair:6)
  3 vampire mosquitoes
  8 wargs (Orc:2)
  4 acid dragons
  12 water moccasins
  6 hell hounds
  5 porcupines
  Duvessa (D:7)
  13 ice beasts
  5 sky beasts
  37 orc warriors
  A black bear (Lair:1)
  A necrophage (D:7)
  11 ogres
  16 wolves
  2 eyes of draining
  2 phantoms
  17 centaurs
  8 crocodiles
  3 big kobolds
  14 bullfrogs
  A gnoll sergeant (D:7)
  8 scorpions
  Dowan (D:7)
  7 jellies
  14 killer bees
  17 wights
  6 howler monkeys
  An electric eel (Spider:2)
  4 lava snakes (Lair:6)
  2 bullfrog zombies
  8 crimson imps
  8 hounds
  41 orc priests
  3 iguanas
  29 orc wizards
  3 bullfrog skeletons (D:12)
  13 centaur skeletons
  Crazy Yiuf (D:7)
  7 hell rats (Lair:5)
  15 worker ants
  A killer bee zombie (D:6)
  2 centaur simulacra
  A hound zombie (D:5)
  2 worker ant zombies
  12 gnolls
  15 adders
  14 shadow imps
  2 oozes (D:2)
  3 worms
  9 dart slugs
  An adder simulacrum (D:8)
  10 leopard geckos
  124 orcs
  11 giant cockroaches
  11 goblins
  8 hobgoblins
  18 jackals
  5 quokkas
  3 ball pythons
  6 bats
  4 frilled lizards
  15 kobolds
  2 leopard gecko zombies
  9 rats
1135 creatures vanquished.

Vanquished Creatures (others)
  A redback (Spider:1)
  A hell hound (Lair:6)
  A kobold (D:14)
  13 fungi
  5 plants
21 creatures vanquished.

Grand Total: 1156 creatures vanquished

Notes
Turn   | Place    | Note
-------+----------+-------------------------------------------
     0 | D:1      | w00t the Naga Fighter began the quest for the Orb.
     0 | D:1      | Reached XP level 1. HP: 21/21 MP: 1/1
   112 | D:1      | Reached XP level 2. HP: 19/28 MP: 2/2
   546 | D:1      | Reached XP level 3. HP: 28/34 MP: 3/3
  1257 | D:2      | Reached skill level 4 in Fighting
  1257 | D:2      | Reached XP level 4. HP: 41/44 MP: 4/4
  2136 | D:2      | Reached XP level 5. HP: 50/50 MP: 5/5
  2771 | D:3      | Found a shadowy altar of Dithmenos.
  3240 | D:3      | Reached skill level 5 in Fighting
  3481 | D:3      | Found a burning altar of Makhleb.
  3791 | D:4      | Reached XP level 6. HP: 61/61 MP: 6/6
  3802 | D:4      | Noticed a sky beast
  3814 | D:4      | Killed a sky beast
  3818 | D:4      | Gained mutation: Your tail ends in a poisonous barb. [mutagenic meat]
  3819 | D:4      | Gained mutation: You are clumsy. (Dex -2) [mutagenic meat]
  3887 | D:4      | Reached skill level 5 in Polearms
  4000 | D:4      | Found a staircase to the Ecumenical Temple.
  4092 | Temple   | Entered the Ecumenical Temple
  4315 | Temple   | Became a worshipper of Cheibriados the Contemplative
  4409 | D:4      | Reached XP level 7. HP: 22/68 MP: 7/7
  4926 | D:4      | Reached skill level 6 in Fighting
  4949 | D:4      | Reached * piety under Cheibriados
  5232 | D:5      | Entered Level 5 of the Dungeon
  5652 | D:5      | Reached XP level 8. HP: 78/78 MP: 8/8
  5698 | D:5      | Reached skill level 7 in Fighting
  6222 | D:5      | Reached ** piety under Cheibriados
  6277 | D:5      | Found a stormy altar of Qazlal.
  7039 | D:5      | Found a blossoming altar of Fedhas.
  7085 | D:6      | Reached skill level 8 in Fighting
  7641 | D:6      | Reached XP level 9. HP: 87/90 MP: 9/9
  7699 | D:6      | Reached *** piety under Cheibriados
  7877 | D:7      | Found a runed door.
  7975 | D:7      | Noticed Duvessa
  7975 | D:7      | Noticed Dowan
  7988 | D:7      | Killed Dowan
  8006 | D:7      | Killed Duvessa
  8006 | D:7      | Reached skill level 9 in Fighting
  8444 | D:7      | Found a sparkling altar of Nemelex Xobeh.
  8651 | D:7      | Reached **** piety under Cheibriados
  9047 | D:7      | Found a bloodstained altar of Trog.
  9723 | D:7      | Noticed Crazy Yiuf
  9726 | D:7      | Killed Crazy Yiuf
  9772 | D:8      | Found a sacrificial altar of Ru.
  9824 | D:8      | Reached skill level 10 in Fighting
 10106 | D:8      | Gained mutation: Your flesh is cold resistant. (rC+) [mutagenic meat]
 10107 | D:8      | Gained mutation: You are partially covered in large bone plates. (SH +4) [mutagenic meat]
 10114 | D:8      | Found a glowing golden altar of the Shining One.
 10148 | D:8      | Reached skill level 10 in Polearms
 10148 | D:8      | Reached XP level 10. HP: 73/102 MP: 10/10
 10154 | D:8      | Reached ***** piety under Cheibriados
 10580 | D:8      | Noticed a death knight
 10596 | D:8      | Lost mutation: You are clumsy. (Dex -2) [potion of mutation]
 10596 | D:8      | Lost mutation: Your tail ends in a poisonous barb. [potion of mutation]
 10596 | D:8      | Lost mutation: You are partially covered in large bone plates. (SH +4) [potion of mutation]
 10596 | D:8      | Gained mutation: Your muscles are strong. (Str +2) [potion of mutation]
 10596 | D:8      | Gained mutation: You can exhale a cloud of poison. [potion of mutation]
 10617 | D:8      | Killed a death knight
 10617 | D:8      | Reached skill level 11 in Fighting
 11201 | D:8      | Found a hazy altar of Hepliaklqana.
 11703 | D:9      | Noticed a two-headed ogre
 11712 | D:9      | Killed a two-headed ogre
 12159 | D:9      | Reached XP level 11. HP: 109/114 MP: 11/11
 12271 | D:9      | Noticed a two-headed ogre
 12279 | D:9      | Killed a two-headed ogre
 12279 | D:9      | Reached skill level 12 in Fighting
 12675 | D:9      | Found an ornate altar of the Wu Jian Council.
 12808 | D:9      | Reached ****** piety under Cheibriados
 13190 | D:10     | Entered Level 10 of the Dungeon
 13316 | D:10     | Noticed Josephine
 13330 | D:10     | Killed Josephine
 13813 | D:10     | Noticed Snorg
 13831 | D:10     | Killed Snorg
 14535 | D:10     | Noticed an unseen horror
 14542 | D:10     | Killed an unseen horror
 14928 | D:11     | Noticed a two-headed ogre
 14939 | D:11     | Killed a two-headed ogre
 14939 | D:11     | Reached XP level 12. HP: 68/123 MP: 12/12
 15382 | D:11     | Found a staircase to the Lair.
 15824 | D:11     | Reached skill level 1 in Dodging
 16116 | D:11     | Noticed a two-headed ogre
 16126 | D:11     | Killed a two-headed ogre
 16468 | D:11     | Noticed Erolcha
 16474 | D:11     | Killed Erolcha
 16739 | D:11     | Found a staircase to the Orcish Mines.
 16887 | D:11     | Reached skill level 5 in Dodging
 17437 | D:12     | Noticed Rupert
 17774 | D:12     | Noticed Nergalle
 17795 | D:12     | Killed Nergalle
 18476 | D:12     | HP: 6/123 [unseen horror (7)]
 18482 | D:12     | HP: 5/123 [poisoned by Rupert]
 18485 | D:12     | HP: 1/123 [acid dragon (4)]
 18491 | D:12     | HP: 1/123 [poisoned by Rupert]
 18497 | D:12     | HP: 2/123 [poisoned by Rupert]
 18503 | D:12     | HP: 3/123 [poisoned by Rupert]
 18509 | D:12     | HP: 4/123 [poisoned by Rupert]
 19038 | Lair:1   | Entered Level 1 of the Lair of Beasts
 19038 | Lair:1   | Found a labyrinth entrance.
 19045 | Lair:1   | Gained mutation: You can use your snake-like lower body to constrict enemies. [Naga growth]
 19045 | Lair:1   | Reached XP level 13. HP: 122/130 MP: 13/13
 20085 | Lair:2   | Noticed Akrius's ghost (journeyman DsFE)
 20105 | Lair:2   | Killed Akrius's ghost
 20105 | Lair:2   | Reached skill level 5 in Armour
 21767 | Lair:3   | Found a hole to the Spider Nest.
 22431 | Lair:4   | Found a staircase to the Swamp.
 24174 | Lair:5   | Reached XP level 14. HP: 70/139 MP: 14/14
 24672 | Lair:5   | Reached skill level 5 in Shields
 25131 | Lair:6   | Entered Level 6 of the Lair of Beasts
 25434 | Lair:6   | Found a staircase to the Slime Pits.
 25721 | Lair:6   | Noticed loser178's ghost (journeyman OpTm)
 25740 | Lair:6   | Killed loser178's ghost
 26571 | Lair:6   | Found a large runed door.
 26572 | Lair:6   | Found a large runed door.
 27563 | Orc:1    | Entered Level 1 of the Orcish Mines
 27932 | Orc:2    | Entered Level 2 of the Orcish Mines
 27956 | Orc:2    | Noticed Sonja
 27960 | Orc:2    | Killed Sonja
 29152 | Orc:2    | Reached skill level 10 in Shields
 29659 | Orc:2    | Gained mutation: Your body sometimes deteriorates upon taking damage. [a neqoxec]
 29849 | Orc:2    | Found Osabbes's Book Boutique.
 29849 | Orc:2    | Found Haromov's Book Emporium.
 29883 | Orc:2    | Found a roughly hewn altar of Beogh.
 29918 | Orc:2    | Reached XP level 15. HP: 146/146 MP: 15/15
 29926 | Orc:2    | Found Cyowoinau's General Store.
 29926 | Orc:2    | Found Daetuir's Jewellery Emporium.
 30361 | Orc:2    | Bought the ring "Orir" {rN+++ EV+3 Str-4 Dex-4} for 483 gold pieces
 30756 | Orc:2    | Found a staircase to the Elven Halls.
 31121 | D:12     | Paralysed by Rupert for 6 turns
 31138 | D:12     | Killed Rupert
 31936 | D:13     | Found a radiant altar of Vehumet.
 32102 | D:13     | Reached skill level 10 in Armour
 32132 | D:13     | Noticed Maurice
 32166 | D:13     | Killed Maurice
 32233 | D:13     | Found a portal to a secret trove of treasure.
 32284 | Trove    | Entered a treasure trove
 32325 | Trove    | Got a silken robe
 33073 | D:14     | Found a gate to the Vaults.
 34245 | D:14     | Reached skill level 10 in Dodging
 34361 | D:14     | Lost mutation: Your muscles are strong. (Str +2) [mutagenic meat]
 34362 | D:14     | Gained mutation: Your tail ends in a poisonous barb. [mutagenic meat]
 34363 | D:14     | Gained mutation: Your tail ends in a sharp poisonous barb. [mutagenic meat]
 34365 | D:14     | Gained mutation: You occasionally shout uncontrollably at your foes. [mutagenic meat]
 34683 | D:14     | Reached XP level 16. HP: 140/154 MP: 16/16
 34783 | D:14     | Noticed Kirke
 34812 | D:14     | Killed Kirke
 34912 | D:14     | Found a roughly hewn altar of Beogh.
 35319 | D:15     | Entered Level 15 of the Dungeon
 35492 | D:15     | Reached skill level 1 in Stealth
 35504 | D:15     | Reached skill level 13 in Fighting
 35504 | D:15     | Reached skill level 1 in Invocations
 35518 | D:15     | Reached skill level 1 in Evocations
 35535 | D:15     | Gained mutation: You have very sharp teeth. [mutagenic meat]
 35536 | D:15     | Gained mutation: Your body often deteriorates upon taking damage. [mutagenic meat]
 35538 | D:15     | Gained mutation: Your mind is acute. (Int +2) [mutagenic meat]
 35539 | D:15     | Lost mutation: You can exhale a cloud of poison. [mutagenic meat]
 35545 | D:15     | Gained mutation: You are partially covered in yellow scales. (AC +2) [mutagenic meat]
 35824 | D:15     | Got a smoking garnet amulet
 35825 | D:15     | Identified the amulet "Tehyllur" {Spirit rElec rPois MR- Stlth+} (You found it on level 15 of the Dungeon)
 36199 | D:15     | Found a staircase to the Depths.
 36323 | D:15     | Noticed Azrael
 36350 | D:15     | Killed Azrael
 36724 | D:15     | Gained mutation: Your spells are a little easier to cast, but a little less powerful. [mutagenic meat]
 37331 | D:13     | Lost mutation: Your body often deteriorates upon taking damage. [mutagenic meat]
 37494 | Spider:1 | Entered Level 1 of the Spider Nest
 38405 | Spider:1 | Reached skill level 14 in Fighting
 38829 | Spider:1 | Reached skill level 5 in Invocations
 39488 | Spider:1 | Reached XP level 17. HP: 166/166 MP: 21/21
 40197 | Spider:1 | Reached skill level 5 in Evocations
 41838 | Spider:2 | Reached skill level 15 in Fighting
 44139 | Spider:3 | HP: 7/171 [tarantella (2)]
 44139 | Spider:3 | HP: 3/171 [wolf spider (4)]
 44140 | Spider:3 | HP: 1/171 [tarantella (1)]
 44140 | Spider:3 | Slain by a redback

Vault maps used:
D:1:      dpeg_arrival_rhombi, minmay_unequal
D:2:      dk_vineyard_1
D:3:      nicolae_overflow_crystal_walls, lemuel_round_altar, first_bread
D:4:      st_stairs_7, minmay_crystal_room
D:5:      lemuel_crystal_altar, lemuel_coloured_pillars_altar,
          wad_floor_pattern_untrapped
D:7:      nemelex_xobeh_ov_fountains_minmay, grunt_ogre_cave,
          trog_butcher_becter, uniq_duvessa, uniq_crazy_yiuf_cottage
D:8:      nicolae_ru_sacrificial_ziggurat, old_standard_altar,
          lemuel_doored_altar, serial_ice, serial_ice_e, serial_ice_c,
          serial_ice_h, serial_ice_f
D:9:      marbit_many_paths
D:10:     lemuel_flame_loot_2, uniq_snorg, uniq_josephine
D:11:     lair_entry_dummy, david_orc_4, uniq_erolcha
D:12:     kennysheep_room_grid, portal_ice_cave_entry_ice_beasts, uniq_rupert,
          uniq_nergalle
D:13:     nicolae_trove_entry_columns, basic_altar, uniq_maurice
D:14:     lightli_vaults_fourway_checkpoint, special_room,
          infiniplex_staircase_trident, uniq_kirke
D:15:     grunt_enter_depths_magical_seal, kennysheep_crisscross, uniq_azrael
Temple:   nicolae_temple_figure_eight
Lair:1:   lab_entry_generic, beast_lair_carwin_7, grunt_megastairs_2,
          serial_bayou_shore_b
Lair:3:   spider_nest_entry_webs, infiniplex_staircase_pool_2,
          grunt_megastairs_5
Lair:4:   minmay_swamp_entry_swarm
Lair:6:   cheibrodos_lair_end_hotspot, slime_dummy
Orc:1:    serial_shops, shop
Orc:2:    st_orc_town, uniq_sonja
Trove:    trove_armour_six_rooms

Skill      XL: |  1  2  3  4  5  6  7  8  9 10 11 12 13 14 15 16 17 |
---------------+----------------------------------------------------+-----
Polearms       | 3 4 5 6 8 10 11 13 14 | 14.0
Fighting       | 4 5 6 8 10 11 12 14 15 | 15.7
Dodging        | 7 10 | 10.8
Armour         | 8 10 11 | 11.3
Shields        | 4 10 | 10.3
Stealth        | 4 |  4.0
Invocations    | 5 8 |  8.0
Evocations     | 4 7 |  7.1

Action                   |  1- 3 |  4- 6 |  7- 9 | 10-12 | 13-15 | 16-18 || total
-------------------------+-------+-------+-------+-------+-------+-------++-------
Melee: Trident           |   108 |   318 |   435 |   544 |  1212 |       ||  2617
       Tailslap          |       |     5 |    85 |    19 |    23 |   350 ||   482
       Spear             |       |       |    46 |   479 |       |       ||   525
       Constrict         |       |       |       |       |   272 |   208 ||   480
       Demon trident     |       |       |       |       |   369 |  1051 ||  1420
       Bite              |       |       |       |       |       |   216 ||   216
Throw: Stone             |    26 |    82 |   110 |   152 |   176 |     8 ||   554
       Tomahawk          |       |       |       |       |   136 |    39 ||   175
Invok: Slouch            |       |       |       |       |       |     1 ||     1
 Abil: Breathe Poison Ga |       |       |       |       |    13 |       ||    13
       Spit Poison       |       |       |       |       |       |     1 ||     1
Evoke: Wand              |       |       |       |       |       |     3 ||     3
  Use: Potion            |       |     2 |     4 |    15 |     1 |     7 ||    29
       Scroll            |       |       |       |    13 |     8 |     6 ||    27
 Stab: Distracted        |       |       |       |     1 |       |     1 ||     2
       Petrified         |       |       |       |       |     1 |       ||     1
  Eat: Chunk             |       |    11 |    13 |    16 |    33 |    23 ||    96
       Bread ration      |       |       |       |     2 |     1 |     1 ||     4
       Meat ration       |       |       |       |       |       |     2 ||     2
Armor: Scale mail        |    45 |    81 |       |       |       |       ||   126
       Plate armour      |       |    72 |   187 |   328 |   498 |   955 ||  2040
       Skin              |       |       |       |     8 |       |       ||     8
Dodge: Dodged            |    18 |    42 |    23 |   118 |   438 |   928 ||  1567
Block: Shield            |    54 |   141 |   201 |   470 |   809 |   120 ||  1795
       Buckler           |       |       |       |       |       |   595 ||   595
